 Dungeon Crawl Stone Soup version 0.31.0-1-g2c135a0 (webtiles) character file.

Game seed: 8134681562041597718

4111 Kel the Grappler (level 10, -2/102 HPs)
             Began as a Troll Berserker on Feb 10, 2024.
             Was an Elder of Trog.
             Succumbed to Erica's bolt of poison
             ... on level 8 of the Dungeon.
             The game lasted 00:14:41 (6034 turns).

Kel the Grappler (Troll Berserker)                  Turns: 6034, Time: 00:14:42

Health: -2/102     AC: 14    Str: 38 (39) XL:     10   Next: 6%
Magic:  9/9        EV:  8    Int:  3 (5)  God:    Trog [****..]
Gold:   167        SH: 12    Dex:  9 (11) Spells: 9/9 levels left

rFire   . .          .
                       - Unarmed
rCold   . . .        A - +0 tower shield {AC+3}
rNeg    . . .        G - +0 swamp dragon scales
rPois   +            (helmet restricted)
rElec   .            B - +1 cloak
rCorr   .            (gloves unavailable)
SInv    .            (boots unavailable)
Will    .....        (no amulet) Stlth
                     d - +6 ring of strength
HPRegen 1.17/turn    q - +6 ring of strength
MPRegen 0.11/turn

%: no passive effects
@: lethally poisoned (-2 -> -7), on berserk cooldown, slowed, very slow
A: large, unfitting armour, claws 3, regeneration 1, shaggy fur 1, tough skin 1
a: Renounce Religion, Berserk, Trog's Hand, Brothers in Arms


You were on level 8 of the Dungeon.
You worshipped Trog.
Trog was greatly pleased with you.
You visited 1 branch of the dungeon, and saw 8 of its levels.

You collected 305 gold pieces.
You spent 138 gold pieces at shops.

Inventory:

Armour
 A - a +0 tower shield of protection (worn)
 B - a +1 cloak (worn)
 G - +0 swamp dragon scales (worn)
Jewellery
 d - a +6 ring of strength (left claw)
 j - a ring of ice
 q - a +6 ring of strength (right claw)
 H - a +6 ring of strength
Wands
 a - a wand of flame (15)
 s - a wand of charming (10)
 D - a wand of polymorph (14)
Scrolls
 b - 2 scrolls of revelation {unknown}
 h - 3 scrolls of amnesia {unknown}
 i - a scroll of torment {unknown}
 k - 3 scrolls of teleportation {unknown}
 l - 2 scrolls of fear {unknown}
 m - a scroll of fog {unknown}
 n - a scroll of noise {unknown}
 t - 2 scrolls of enchant armour {unknown}
 u - a scroll of vulnerability {unknown}
 v - a scroll of brand weapon {unknown}
 y - 2 scrolls of immolation {unknown}
 C - a scroll of enchant weapon {unknown}
 I - a scroll of blinking {unknown}
Potions
 c - 3 potions of enlightenment
 e - 3 potions of heal wounds {unknown}
 f - 4 potions of curing {unknown}
 g - 2 potions of lignification {unknown}
 o - a potion of magic
 p - 4 potions of degeneration
 r - a potion of attraction
 w - a potion of ambrosia
 x - 2 potions of berserk rage {unknown}
 z - 2 potions of invisibility {unknown}
 E - 2 potions of mutation {unknown}
 F - a potion of might


   Skills:
 * Level 7.2 Fighting
 + Level 2.6 Armour
 + Level 3.7 Dodging
 + Level 5.0 Shields
 + Level 10.1 Unarmed Combat


You had 9 spell levels left.
You didn't know any spells.
Your spell library was empty.

Dungeon Overview and Level Annotations

Branches:
Dungeon (8/15)             Temple (0/1) D:7
   Lair: D:8-11

Altars:
Nemelex Xobeh
Vehumet

Shops:
D:2 :   D:4 :[[(   D:8 **

Annotations:
D:7 exclusion: statue


Innate Abilities, Weirdness & Mutations

You are too large for most types of armour.
You have claws for hands.
Your natural rate of healing is unusually fast.
You are covered in fur. (AC +1)
You have tough skin. (AC +1)


Message History

You miss something.
* * * LOW HITPOINT WARNING * * *
You feel very sick.
You hear some strange, mumbled words.
Something tries to affect you, but you resist.
You barely miss something.
* * * LOW HITPOINT WARNING * * *
You feel very sick.
You claw something! Trog accepts your kill.
Trog appreciates your killing of a magic user.
Reactivating autopickup.
You feel a bit more experienced.
* * * LOW HITPOINT WARNING * * *
You feel very sick.
Your Shields skill increases to level 5!
Your Unarmed Combat skill increases to level 10!
You have reached level 10!
There is a lethal amount of poison in your body!
There is a lethal amount of poison in your body!
There is a lethal amount of poison in your body!
There is a lethal amount of poison in your body!
There is a lethal amount of poison in your body!
There is a lethal amount of poison in your body!
You are too berserk!
* * * LOW HITPOINT WARNING * * *
You feel very sick.
You are too berserk!
You feel a strong urge to attack something.
You are no longer berserk.
You are exhausted.
You feel yourself slow down.
* * * LOW HITPOINT WARNING * * *
You feel sick.
Things that are here:
a +1 scimitar of flaming; a ring of see invisible; the octopode corpse of Erica It was a potion of degeneration.
There was something very wrong with that liquid.
You feel weakened.
You feel dopey.
You feel clumsy.
You die...

#.# #.....####[.....
#.# #####
#............... #.#
....##.....####......
#.#
...+................
#.#
..#.......##...####
#.# ...#+###.##...#
#.#######..# #.######
#..........# #.#
#########@## #.# #..#
#.# ...# #.########
##### #........#
#........# .########
#........# ........#
#........#
######.####........#
#................###


There were no monsters in sight!

Vanquished Creatures
  Erica (D:8)
  Maggie (D:6)
  Grinder (D:5)
  Sigmund (D:2)
  Eustachio (D:5)
  Menkaure (D:6)
  Edmund (D:6)
  An acid dragon (D:7)
  A water moccasin (D:6)
  An ogre (D:5)
  A centaur (D:5)
  A kobold brigand (D:6)
  3 phantoms
  Blork the orc (D:5)
  7 scorpions
  A bullfrog (D:6)
  A gnoll sergeant (D:8)
  4 howler monkeys
  3 bombardier beetles
  3 orc priests
  7 hounds
  4 iguanas
  4 jellies
  A sleepcap (D:5)
  Jessica (D:3)
  4 orc wizards
  Robin (D:3)
  7 gnolls
  11 adders
  3 white imps
  3 dart slugs
  2 ribbon worms (D:3)
  26 orcs
  9 ball pythons
  2 bats (D:1)
  8 endoplasms
  A giant cockroach (D:1)
  12 goblins
  10 hobgoblins
  A jackal (D:5)
  12 kobolds
  4 quokkas
  3 frilled lizards
  7 rats
178 creatures vanquished.

Notes
Turn   | Place    | Note
-------+----------+-------------------------------------------
     0 | D:1      | Kel the Troll Berserker began the quest for the Orb.
     0 | D:1      | Reached XP level 1. HP: 22/22 MP: 0/0
   145 | D:1      | Reached XP level 2. HP: 29/29 MP: 1/1
   316 | D:1      | Reached ** piety under Trog
   735 | D:2      | Reached XP level 3. HP: 36/36 MP: 2/2
   744 | D:2      | Found Hamealesu's Vocational Training.
   848 | D:2      | Reached skill level 4 in Unarmed Combat
   943 | D:2      | Noticed Sigmund
   965 | D:2      | Killed Sigmund
   966 | D:2      | Reached skill level 5 in Unarmed Combat
   966 | D:2      | Reached XP level 4. HP: 25/46 MP: 3/3
   966 | D:2      | Reached XP level 5. HP: 29/53 MP: 4/4
  1462 | D:3      | Noticed Robin
  1486 | D:3      | Killed Robin
  1491 | D:3      | Noticed Jessica
  1515 | D:3      | Killed Jessica
  1516 | D:3      | Reached XP level 6. HP: 57/62 MP: 5/5
  1634 | D:3      | Reached skill level 6 in Unarmed Combat
  1728 | D:3      | Reached *** piety under Trog
  2063 | D:4      | Found Qonusux's Weapon Boutique.
  2137 | D:4      | Found Unoalan's Antique Armour Boutique.
  2179 | D:4      | Found Moah's Armour Shoppe.
  2184 | D:4      | Reached XP level 7. HP: 62/70 MP: 6/6
  2205 | D:4      | Bought a +0 tower shield of protection for 138 gold pieces
  2279 | D:4      | Found Adopsow's Book Emporium.
  2753 | D:5      | Entered Level 5 of the Dungeon
  2810 | D:5      | Reached skill level 7 in Unarmed Combat
  2864 | D:5      | Found a sparkling altar of Nemelex Xobeh.
  2891 | D:5      | Noticed Eustachio
  2904 | D:5      | Killed Eustachio
  2905 | D:5      | Reached skill level 1 in Shields
  2918 | D:5      | Identified the +4 war axe "Juops" {flame, rPois rN++ Str+3
                  | Stlth-}
  3054 | D:5      | Noticed Grinder
  3071 | D:5      | Paralysed by Grinder for 3 turns
  3081 | D:5      | Killed Grinder
  3082 | D:5      | Reached skill level 5 in Fighting
  3082 | D:5      | Reached skill level 8 in Unarmed Combat
  3082 | D:5      | Reached XP level 8. HP: 80/80 MP: 7/7
  3102 | D:5      | Noticed Blork the orc
  3111 | D:5      | Killed Blork the orc
  3407 | D:5      | Reached **** piety under Trog
  3493 | D:5      | Reached skill level 9 in Unarmed Combat
  3927 | D:6      | Noticed Menkaure
  3941 | D:6      | Killed Menkaure
  3942 | D:6      | Reached XP level 9. HP: 89/89 MP: 8/8
  4241 | D:6      | Reached skill level 1 in Armour
  4260 | D:6      | Noticed Edmund
  4269 | D:6      | Killed Edmund
  4324 | D:6      | Noticed Maggie
  4339 | D:6      | Killed Maggie
  4893 | D:7      | Found a staircase to the Ecumenical Temple.
  4931 | D:7      | Found a radiant altar of Vehumet.
  5399 | D:8      | Found Betel's Changing Room.
  5803 | D:8      | Found Paonassa's Island Escapes.
  6008 | D:8      | Noticed Erica
  6031 | D:8      | Killed Erica
  6031 | D:8      | HP: 6/139 [poisoned by Erica (bolt of poison)]
  6032 | D:8      | Reached skill level 5 in Shields
  6032 | D:8      | Reached skill level 10 in Unarmed Combat
  6032 | D:8      | Reached XP level 10. HP: 7/102 MP: 9/9
  6033 | D:8      | HP: 2/102 [poisoned by Erica (bolt of poison)]
  6034 | D:8      | Succumbed to Erica's bolt of poison

Illustrated notes

Levels and vault maps discovered:
D:1:      matt_arrival_spirals, layout_rooms, hex_intersection,
          nicolae_twisty_statue_hallways
D:2:      layout_loops_ring, nicolae_shop_vocational, uniq_sigmund
D:3:      layout_loops_ring, moated_statue, uniq_jessica, uniq_robin
D:4:      layout_basic, serial_shops, shop, shop, shop, nicolae_square_shop
D:5:      minmay_chambers_of_threes, layout_loops_ring,
          nemelex_xobeh_ov_fountains_minmay, uniq_blork_the_orc, uniq_eustachio,
          uniq_grinder
D:6:      layout_gridville, uniq_menkaure, uniq_edmund, uniq_maggie
D:7:      layout_basic, vehumet_statue, minmay_temple_entry_statues,
          roderic_serpentine_path
D:8:      layout_basic, nicolae_transmutations_shop, nicolae_island_escapes,
          uniq_erica

Skill      XL: |  1  2  3  4  5  6  7  8  9 |
---------------+----------------------------+-----
Unarmed Combat | 5 6 8 9 10 | 10.1
Fighting       | 3 4 5 7 |  7.2
Shields        | 2 3 5 |  5.0
Armour         | 2 |  2.6
Dodging        | 3 |  3.7

Action                     |  1- 3 |  4- 6 |  7- 9 | 10-12 || total
---------------------------+-------+-------+-------+-------++-------
  Melee: Unarmed           |    77 |    98 |   284 |       ||   459
         Punch             |       |     3 |       |       ||     3
 Invoke: Berserk           |       |     1 |     5 |       ||     6
    Use: Scroll            |       |       |     5 |       ||     5
         Potion            |       |       |       |     1 ||     1
 Armour: Animal skin       |    48 |    54 |     5 |       ||   107
         Robe              |       |       |    36 |       ||    36
         Skin              |       |       |     6 |       ||     6
         Troll leather arm |       |       |    34 |       ||    34
         Swamp dragon scal |       |       |    57 |       ||    57
  Dodge: Dodged            |    32 |    34 |    50 |       ||   116
  Block: Tower shield      |       |       |   138 |       ||   138
